 Dungeon Crawl Stone Soup version 0.29-a0-91-gdebf4667c2 (webtiles) character file.

Game seed: 12824689548370780282

6566 lunkers the Martial Artist (level 11, 0/84 HPs)
             Began as a Merfolk Transmuter on Feb 7, 2022.
             Was an Initiate of Gozag.
             Slain by a centaur warrior (10 damage)
             ... on level 9 of the Dungeon on Feb 8, 2022.
             The game lasted 00:25:59 (12986 turns).

lunkers the Martial Artist (Merfolk Transmuter)    Turns: 12986, Time: 00:26:00

Health: 0/84       AC:  8    Str: 10    XL:     11   Next: 1%
Magic:  14/14      EV: 18    Int: 20    God:    Gozag
Gold:   1021       SH:  0    Dex: 24    Spells: 4/14 levels left

rFire   . . .      SeeInvis .   f - +8 woodcutter's axe {vorpal}
rCold   . . .      Faith    .   (no shield)
rNeg    . . .      Spirit   .   G - +2 leather armour {Will+}
rPois   .          Reflect  .   (no helmet)
rElec   .          Harm     .   l - +0 cloak
rCorr   .          Rampage  .   a - +0 pair of gloves
Will    +....                   M - +0 pair of boots
Stlth   ++........              (no amulet)
HPRegen 0.24/turn               e - +6 ring of intelligence
MPRegen 0.14/turn               I - +6 ring of dexterity

@: gold aura
A: (nimble swimmer 2), mertail
a: Renounce Religion, Potion Petition, Call Merchant, Bribe Branch


You were on level 9 of the Dungeon.
You worshipped Gozag.
Gozag was most pleased with you.
You visited 2 branches of the dungeon, and saw 10 of its levels.
You also visited: Ossuary.

You collected 1151 gold pieces.
You paid 130 gold pieces to Gozag.

Inventory:

Hand Weapons
 f - the +8 woodcutter's axe (weapon) {vorpal}
   (You found it on level 2 of the Dungeon)

   It inflicts extra damage upon your enemies.
Missiles
 c - a throwing net
Armour
 a - a +0 pair of gloves (worn)
 j - a +0 buckler
 l - a +0 cloak (worn)
 B - a +1 robe of fire resistance
 G - a +2 leather armour of willpower (worn)
 M - a +0 pair of boots (worn)
Jewellery
 e - a +6 ring of intelligence (left hand)
 o - a +6 ring of strength
 p - a ring of protection from cold
 C - a ring of flight
 H - a ring of positive energy
 I - a +6 ring of dexterity (right hand)
Wands
 d - a wand of paralysis (8)
 q - a wand of iceblast (14)
 s - a wand of mindburst (19)
 K - a wand of acid (11)
Scrolls
 b - 2 scrolls of fog
 h - a scroll of identify
 i - 2 scrolls of vulnerability
 k - a scroll of teleportation
 m - a scroll of fear
 w - 2 scrolls of immolation {unknown}
 y - a scroll of acquirement {unknown}
 z - 2 scrolls of summoning {unknown}
 A - a scroll of noise {unknown}
 D - a scroll of enchant armour {unknown}
 J - a scroll of brand weapon {unknown}
 L - 3 scrolls of torment {unknown}
Potions
 g - 5 potions of curing
 n - 3 potions of ambrosia
 r - 2 potions of might
 u - a potion of flight
 x - a potion of brilliance
 E - 2 potions of lignification
 F - a potion of heal wounds
 N - a potion of magic
 O - a potion of haste


   Skills:
 + Level 7.1 Fighting
 + Level 8.8 Dodging
 * Level 12.6 Unarmed Combat
 - Level 2.0 Spellcasting
 + Level 10.6 Transmutations


You had 4 spell levels left.
You knew the following spells:

 Your Spells              Type           Power      Damage    Failure   Level
b - Wereblood             Tmut           44%        N/A       1%          2
c - Spider Form           Tmut/Pois      23%        N/A       8%          3
d - Ice Form              Ice/Tmut       23%        N/A       24%         4
p - Beastly Appendage     Tmut           88%        N/A       1%          1

Your spell library contained the following spells:

 Spells                   Type           Power      Damage    Failure   Level
 Passwall                 Tmut/Erth      19%        N/A       3%          2
 Animate Skeleton         Necr           4%         N/A       22%         1
 Apportation              Tloc           4%         N/A       22%         1
 Sandblast                Erth           4%         2d4       22%         1
 Summon Small Mammal      Summ           8%         N/A       22%         1
 Blink                    Tloc           4%         N/A       32%         2
 Corpse Rot               Necr/Air       4%         N/A       32%         2
 Ensorcelled Hibernation  Hex/Ice        4%         N/A       32%         2
 Poisonous Vapours        Pois/Air       4%         N/A       32%         2
 Scorch                   Fire           4%         2d5       32%         2
 Dazzling Flash           Conj/Hex       4%         N/A       54%         3
 Lesser Beckoning         Tloc           2%         N/A       54%         3
 Stone Arrow              Conj/Erth      4%         3d7       54%         3
 Swiftness                Air            2%         N/A       54%         3
 Tukima's Dance           Hex            2%         N/A       54%         3
 Flame Wave               Conj/Fire      2%         2d4       91%         4
 Passage of Golubria      Tloc           2%         N/A       91%         4
 Yara's Violent Unravell  Hex/Tmut       11%        3d6       56%         5
 Agony                    Necr           2%         N/A       99%         5
 Manifold Assault         Tloc           2%         N/A       99%         5
 Silence                  Hex/Air        1%         N/A       99%         5
 Summon Cactus Giant      Summ           1%         N/A       100%        6


Dungeon Overview and Level Annotations

Branches:
Dungeon (9/15)             Temple (1/1) D:7            Lair (0/6) D:8
Ossuary (visited)
    Orc: D:9-12

Altars:
Ashenzari
Cheibriados
Dithmenos
Elyvilon
Fedhas
Gozag
Hepliaklqana
Kikubaaqudgha
Makhleb
Nemelex Xobeh
Okawaru
Qazlal
Ru
Sif Muna
Trog
Uskayaw
Vehumet
Wu Jian
Xom
Yredelemnul
The Shining One

Shops:
D:1 :[*   D:2 =   D:7 (!


Innate Abilities, Weirdness & Mutations

((You are very nimble when in or above water. (Stealth+, EV+, Speed+++)))
Your lower body shifts to a powerful aquatic tail in water.


Message History

Things that are here:
9 gold pieces; a +0 shortbow; 14 arrows The steam dragon bites you but does no damage.
The steam dragon barely misses you.
You slash the steam dragon!
The steam dragon is heavily wounded.
The steam dragon breathes steam at you. The ball of steam hits you.
You hear a shout! x2
You slash the steam dragon!
The steam dragon is almost dead.
You are engulfed in a cloud of scalding steam.
The steam dragon barely misses you. The steam dragon claws you.
You barely miss the steam dragon.
You punch the steam dragon, but do no damage.
The steam dragon is almost dead.
You are engulfed in a cloud of scalding steam.
The steam dragon misses you. x2
You slash the steam dragon!
You kill the steam dragon!
You are engulfed in a cloud of scalding steam.
You have reached level 11!
No target in view!
No target in view!
A centaur warrior comes into view. It is wielding a +0 club.
The centaur warrior unwields a +0 club.
The centaur warrior wields a +0 longbow.
The centaur warrior shoots an arrow.
The arrow hits you!!
* * * LOW HITPOINT WARNING * * *
The centaur warrior shoots an arrow.
The arrow hits you!!
* * * LOW HITPOINT WARNING * * *
You see here 20 gold pieces.
The centaur warrior unwields a +0 longbow.
The centaur warrior wields a +0 club.
The centaur warrior hits you but does no damage.
The centaur warrior kicks you but does no damage.
You barely miss the centaur warrior.
The centaur warrior hits you with a +0 club!
You die...
Your body crumbles into a pile of gold.

#....+ #. #....+ #.
##....# #.
####.....######.
#!.$$#..........
#............... #.
##...............
#..###$.......(.......
#...c@.####...########
#...#### ##### .....
.... ###


You could see a centaur warrior.

Vanquished Creatures
  2 komodo dragons (D:8)
  A wraith (D:9)
  3 wyverns (D:8)
  7 yaks
  A basilisk (D:8)
  2 steam dragons (D:9)
  Menkaure (Ossuary)
  An acid dragon (D:8)
  A water moccasin (D:5)
  3 orc warriors
  2 ice beasts
  3 ogres
  6 centaurs
  4 kobold brigands
  A bullfrog (D:7)
  Blork the orc (D:6)
  A water moccasin zombie (D:5)
  A scorpion (D:5)
  A water moccasin skeleton (D:3)
  7 wights
  4 killer bees (D:7)
  3 bullfrog zombies
  2 centaur zombies
  4 howler monkeys
  A jelly (D:7)
  A gnoll shaman (D:6)
  4 orc priests
  6 hounds
  A centaur skeleton (D:7)
  7 iguanas
  11 orc wizards
  A scorpion zombie (D:5)
  3 mummies (Ossuary)
  3 gnolls (D:6)
  10 adders
  2 white imps
  An ufetubus (D:6)
  An adder skeleton (D:4)
  2 worms
  2 dart slugs
  20 orcs
  2 bats
  6 endoplasms
  A giant cockroach (D:2)
  5 gnoll zombies (Ossuary)
  12 goblins
  8 hobgoblins
  4 quokkas
  12 ball pythons
  5 frilled lizards
  2 gnoll skeletons (Ossuary)
  5 goblin skeletons
  2 goblin zombies (Ossuary)
  4 hobgoblin skeletons (Ossuary)
  11 hobgoblin zombies
  16 kobolds
  6 kobold skeletons
  3 kobold zombies (Ossuary)
  9 orc skeletons
  8 orc zombies (Ossuary)
  A quokka skeleton (D:4)
  2 rats (D:3)
  4 rat skeletons (Ossuary)
  3 rat zombies (Ossuary)
269 creatures vanquished.

Notes
Turn   | Place    | Note
-------+----------+-------------------------------------------
     0 | D:1      | lunkers the Merfolk Transmuter began the quest for the Orb.
     0 | D:1      | Reached XP level 1. HP: 15/15 MP: 3/3
   376 | D:1      | Reached XP level 2. HP: 21/21 MP: 3/5
   417 | D:1      | Learned a level 2 spell: Wereblood
   521 | D:1      | Found Veqonos's Book Shoppe.
   685 | D:1      | Found Con Gofiatui's Assorted Antiques.
   756 | D:1      | Found Mebrairph's Armour Emporium.
   822 | D:1      | Found a faded altar of an unknown god.
   940 | D:2      | Found the +8 woodcutter's axe {vorpal}
  1095 | D:2      | Reached skill level 4 in Unarmed Combat
  1095 | D:2      | Reached XP level 3. HP: 25/26 MP: 6/6
  1099 | D:2      | Learned a level 3 spell: Spider Form
  1207 | D:2      | Found Cateiwk's Jewellery Boutique.
  1911 | D:3      | Reached XP level 4. HP: 25/32 MP: 7/7
  1914 | D:3      | Reached skill level 5 in Unarmed Combat
  2207 | D:3      | Reached XP level 5. HP: 28/37 MP: 8/8
  2348 | D:3      | Noticed an ice beast
  2602 | D:3      | Killed an ice beast
  2603 | D:3      | Reached skill level 6 in Unarmed Combat
  2805 | D:3      | Reached skill level 5 in Transmutations
  2805 | D:3      | Reached XP level 6. HP: 37/43 MP: 9/9
  2870 | D:3      | Found a glowing golden altar of the Shining One.
  3108 | D:3      | Found a bloodstained altar of Trog.
  3171 | D:3      | Found a shimmering altar of Xom.
  3327 | D:3      | Found an ancient bone altar of Kikubaaqudgha.
  3960 | D:4      | Reached skill level 7 in Unarmed Combat
  4019 | D:4      | Found an ornate altar of the Wu Jian Council.
  4059 | D:4      | Found a shadowy altar of Dithmenos.
  4062 | D:4      | Reached XP level 7. HP: 48/48 MP: 10/10
  4156 | D:5      | Entered Level 5 of the Dungeon
  4626 | D:5      | Reached skill level 8 in Unarmed Combat
  4837 | D:5      | Reached XP level 8. HP: 47/56 MP: 11/11
  5344 | D:5      | Reached skill level 9 in Unarmed Combat
  5824 | D:6      | Found a burning altar of Makhleb.
  6114 | D:6      | Found a sand-covered staircase.
  6122 | Ossuary  | Entered an ossuary
  6420 | Ossuary  | Noticed Menkaure
  6430 | Ossuary  | Killed Menkaure
  6431 | Ossuary  | Reached skill level 5 in Dodging
  6798 | D:6      | Noticed Blork the orc
  6802 | D:6      | Killed Blork the orc
  6803 | D:6      | Reached XP level 9. HP: 55/65 MP: 12/12
  6869 | D:6      | Learned a level 4 spell: Ice Form
  7439 | D:6      | Found a basalt altar of Yredelemnul.
  7652 | D:7      | Found a staircase to the Ecumenical Temple.
  7661 | D:7      | Reached skill level 10 in Unarmed Combat
  7682 | Temple   | Entered the Ecumenical Temple
  8036 | Temple   | Became a worshipper of Gozag Ym Sagoz the Greedy
  8107 | D:7      | Found Honiu's Distillery.
  8415 | D:7      | Found Jaypnao's Weapon Emporium.
  9237 | D:7      | Reached skill level 5 in Fighting
  9752 | D:8      | Reached skill level 11 in Unarmed Combat
  9770 | D:8      | Reached XP level 10. HP: 56/74 MP: 13/13
 10505 | D:8      | Found a stormy altar of Qazlal.
 10532 | D:8      | Found a shimmering blue altar of Sif Muna.
 11707 | D:8      | Reached skill level 10 in Transmutations
 11764 | D:8      | Found a staircase to the Lair.
 11786 | D:8      | Reached skill level 12 in Unarmed Combat
 12981 | D:9      | Reached XP level 11. HP: 57/84 MP: 14/14
 12983 | D:9      | Noticed a centaur warrior
 12986 | D:9      | Slain by a centaur warrior

Illustrated notes

Levels and vault maps discovered:
D:1:      lemuel_arrival_behind_the_door_large, layout_basic,
          ebering_ecumenical_altar_hall, serial_shops, nicolae_diamond_shop,
          nicolae_shop_trees, nicolae_shop_stone, minivault_24
D:2:      layout_basic, serial_shops, shop
D:3:      layout_basic, nicolae_kikubaaqudgha_miasma_corner,
          nicolae_tso_besieged_by_evil, trog_hazing_becter, xom_teletrap_fun,
          grunt_ministairs_14, kennysheep_generic_room_11
D:4:      layout_loops_cross, mainiacjoe_overflow_swirl
D:5:      layout_basic, minmay_puff
D:6:      layout_loops_ring, mainiacjoe_overflow_alcove_2,
          mainiacjoe_overflow_small_starburst, chequers_ossuary_entry_cave,
          uniq_blork_the_orc
D:7:      layout_gridville, minmay_temple_entry_offerings, serial_shops,
          nicolae_shop_behind_doors, kennysheep_mini_moat
D:8:      layout_rooms, nicolae_qazlal_scattered_showers,
          mainiacjoe_overflow_alcove_4, erik_lair_dragon, st_stairs_11
D:9:      layout_irregular_city, minmay_bent
Temple:   minmay_temple_curvy_loop

Skill      XL: |  1  2  3  4  5  6  7  8  9 10 |
---------------+-------------------------------+-----
Transmutations | 3 4 5 6 8 9 10 | 10.6
Unarmed Combat | 4 5 6 7 8 9 11 12 | 12.6
Dodging        | 3 5 7 8 |  8.8
Fighting       | 2 3 5 7 |  7.1
Spellcasting   | |  2.0

Action                   |  1- 3 |  4- 6 |  7- 9 | 10-12 || total
-------------------------+-------+-------+-------+-------++-------
Melee: Unarmed           |    24 |       |       |       ||    24
       Headbutt          |     3 |       |       |       ||     3
       War axe           |    41 |   106 |   279 |   136 ||   562
       Punch             |       |     1 |    14 |    12 ||    27
 Cast: Beastly Appendage |     8 |       |       |       ||     8
Evoke: Wand              |       |       |       |     2 ||     2
  Use: Scroll            |       |       |     6 |    10 ||    16
       Potion            |       |       |     1 |       ||     1
 Stab: Sleeping          |     2 |     2 |     3 |       ||     7
       Distracted        |       |       |     1 |       ||     1
Armor: Robe              |     6 |    19 |    27 |       ||    52
       Leather armour    |       |       |    50 |    30 ||    80
Dodge: Dodged            |    35 |    84 |   237 |    89 ||   445

Table legend: (Time is in decaauts)
 A = Elapsed time spent in this place.
 B = Non-inter-level travel time spent in this place.
 C = Inter-level travel time spent in this place.
 D = Time resting spent in this place.
 E = Time spent auto-exploring this place.
 F = Levels seen in this place.
 G = Mean time per level.
                   A        B        C        D        E       F      G
               +--------+--------+--------+--------+--------+-----+--------+
         Total |  12995 |  12582 |    413 |   1677 |   8898 |  11 | 1181.4 |
       Dungeon |  11980 |  11596 |    384 |   1445 |   8405 |   9 | 1331.1 |
        Temple |    382 |    353 |     29 |      0 |    334 |   1 |  382.0 |
       Ossuary |    632 |    632 |      0 |    232 |    159 |   1 |  632.0 |
               +--------+--------+--------+--------+--------+-----+--------+

Top non-repeatable levels by time:
     D:8: 2107 daAuts
     D:7: 2087 daAuts
     D:5: 1733 daAuts
     D:3: 1378 daAuts
     D:2: 1240 daAuts
     D:6: 1026 daAuts
     D:9: 873 daAuts
     D:1: 850 daAuts
     D:4: 682 daAuts
 Ossuary: 632 daAuts
  Temple: 382 daAuts
